 Dungeon Crawl Stone Soup version 0.30-a0-802-gb92711bcdf (webtiles) character file.

Game seed: 14048890208098436675

723 bande the Chopper (level 7, 0/44 HPs)
             Began as a Gargoyle Fighter on Feb 24, 2023.
             Slain by a scorpion (2 damage)
             ... on level 5 of the Dungeon.
             The game lasted 00:05:37 (3550 turns).

bande the Chopper (Gargoyle Fighter)                Turns: 3550, Time: 00:05:37

Health: 0/44       AC: 15    Str: 19    XL:     7   Next: 71%
Magic:  7/7        EV:  9    Int:  9    God:
Gold:   198        SH:  4    Dex: 11    Spells: 6/6 levels left

rFire   . . .      SeeInvis .    a - +0 war axe
rCold   . . .      Faith    .    c - +0 buckler
rNeg    + . .      Spirit   .    b - +0 scale mail
rPois   ∞          Reflect  .    o - +2 hat
rElec   +          Harm     .    (no cloak)
rCorr   .          Rampage  .    h - +0 pair of gloves
Will    .....                    (no boots) Stlth
                                 (no amulet)
HPRegen 0.27/turn                (no ring)
MPRegen 0.10/turn                (no ring)

@: no status effects
A: sickness immunity, AC +4, negative energy resistance 1, electricity
resistance, torment resistance 1, petrification resistance
a: no special abilities


You were on level 5 of the Dungeon.
You visited 2 branches of the dungeon, and saw 6 of its levels.

You collected 209 gold pieces.
You spent 11 gold pieces at shops.

Inventory:

Hand Weapons
 a - a +0 war axe (weapon)
Armour
 b - a +0 scale mail (worn)
 c - a +0 buckler (worn)
 h - a +0 pair of gloves (worn)
 o - a +2 hat (worn)
Wands
 s - a wand of roots (7)
Scrolls
 e - a scroll of vulnerability {unknown}
 f - a scroll of blinking {unknown}
 i - 5 scrolls of identify {unknown}
 k - a scroll of fog {unknown}
 l - a scroll of noise {unknown}
 m - a scroll of poison {unknown}
 q - a scroll of enchant weapon {unknown}
 t - a scroll of magic mapping {unknown}
Potions
 d - 3 potions of might
 g - 2 potions of brilliance {unknown}
 j - a potion of mutation {unknown}
 n - 3 potions of curing {unknown}
 p - a potion of berserk rage {unknown}
 r - a potion of heal wounds {unknown}


   Skills:
 + Level 4.8 Fighting
 + Level 5.6 Axes
 + Level 5.4 Armour
 + Level 0.1 Stealth
 + Level 4.3 Shields


You had 6 spell levels left.
You didn't know any spells.
Your spell library contained the following spells:

 Spells                   Type           Power      Damage    Failure   Level
 Airstrike                Air            0%         2d(0-16)  100%        4
 Summon Lightning Spire   Summ/Air       0%         N/A       100%        4
 Lightning Bolt           Conj/Air       0%         1d11      100%        5


Dungeon Overview and Level Annotations

Branches:
Dungeon (5/15)             Temple (1/1) D:4

Altars:
Ashenzari
Cheibriados
Elyvilon
Fedhas
Hepliaklqana
Makhleb
Qazlal
Vehumet
Wu Jian
Xom
Yredelemnul
Zin
The Shining One

Shops:
D:2 !   D:4 *


Innate Abilities, Weirdness & Mutations

You are immune to sickness and miasma.
Your stone body is resilient. (AC +4)
You are immune to poison.
You resist negative energy. (rN+)
You are resistant to electric shocks. (rElec)
You are resistant to unholy torment.
You are immune to petrification.


Message History

You see here a +0 giant club.
The hound attacks as you move away! The hound misses you.
The ufetubus hits you but does no damage.
The ufetubus barely misses you. The scorpion stings you.
* * * LOW HITPOINT WARNING * * *
The hound bites you but does no damage.
You miss the ufetubus.
The ufetubus is moderately wounded.
You slash the scorpion! You slash the hound!
The ufetubus hits you but does no damage. x2
The hound bites you.
* * * LOW HITPOINT WARNING * * *
The scorpion stings you but does no damage.
The ufetubus closely misses you.
The ufetubus hits you but does no damage.
You slash the ufetubus!
You kill the ufetubus!
You hit the scorpion. You hit the hound. The hound misses you.
The scorpion closely misses you. The hound closely misses you.
The hound closely misses you.
The scorpion stings you but does no damage.
The scorpion barely misses you. The hound closely misses you.
You hit the scorpion.
The scorpion is severely wounded.
You hit the hound but do no damage. The hound bites you but does no damage.
The scorpion stings you but does no damage.
You barely miss the scorpion.
The scorpion is severely wounded.
You hit the hound.
You kill the hound!
The scorpion barely misses you. The scorpion stings you.
* * * LOW HITPOINT WARNING * * *
You hit the scorpion.
The scorpion is almost dead.
The scorpion stings you.
* * * LOW HITPOINT WARNING * * *
You closely miss the scorpion.
The scorpion is almost dead.
You block the scorpion's attack. The scorpion stings you.
You die...

....................##
??....#.#..#..........
....####.####........ .
#..#....#####....... ..
#.........###.......
...###...?#=...####.....
.....##.....>...# #.....
...........?....###.....
..(....@s....!.........#
....#...†#............†.
.#.......##....#.#......
###..........##.##.....
#............. .#.....
..........(..... #.....
...............#. #.#...
............... ###...
.............## #...


You could see a scorpion.

Vanquished Creatures
  Grinder (D:3)
  2 ogres
  A bullfrog (D:4)
  A scorpion (D:5)
  A hound (D:5)
  An iguana (D:4)
  Ijyb (D:2)
  6 adders
  2 ufetubi
  An orc (D:4)
  2 bats
  9 endoplasms
  3 giant cockroaches
  13 goblins
  7 hobgoblins
  15 jackals
  4 quokkas
  7 ball pythons
  3 frilled lizards
  7 kobolds
  6 rats
93 creatures vanquished.

Notes
Turn   | Place    | Note
-------+----------+-------------------------------------------
     0 | D:1      | bande the Gargoyle Fighter began the quest for the Orb.
     0 | D:1      | Reached XP level 1. HP: 14/14 MP: 1/1
   134 | D:1      | Reached XP level 2. HP: 17/19 MP: 2/2
   181 | D:1      | Found a faded altar of an unknown god.
   583 | D:2      | Reached XP level 3. HP: 18/24 MP: 3/3
   807 | D:2      | Found Vasmaegg's Distillery.
   825 | D:2      | Bought a potion of degeneration for 11 gold pieces
   906 | D:2      | Reached XP level 4. HP: 29/29 MP: 4/4
  1028 | D:2      | Noticed Ijyb
  1059 | D:2      | Killed Ijyb
  1194 | D:3      | Reached XP level 5. HP: 33/33 MP: 5/5
  1549 | D:3      | Noticed Grinder
  1550 | D:3      | Paralysed by Grinder for 3 turns
  1554 | D:3      | Paralysed by Grinder for 3 turns
  1564 | D:3      | Paralysed by Grinder for 2 turns
  1574 | D:3      | Killed Grinder
  1575 | D:3      | Reached XP level 6. HP: 9/39 MP: 6/6
  2365 | D:4      | Reached XP level 7. HP: 11/44 MP: 7/7
  2716 | D:4      | Reached skill level 5 in Armour
  2844 | D:4      | Reached skill level 5 in Axes
  2906 | D:4      | Found a staircase to the Ecumenical Temple.
  2943 | Temple   | Entered the Ecumenical Temple
  3258 | D:4      | Found Cilejuw's Assorted Antiques.
  3506 | D:5      | Entered Level 5 of the Dungeon
  3549 | D:5      | HP: 1/44 [scorpion (4)]
  3550 | D:5      | Slain by a scorpion

Illustrated notes

Levels and vault maps discovered:
D:1:      sevenhm_arrival_forest_fort_large_2, layout_basic,
          ebering_ecumenical_altar_abandoned
D:2:      kennysheep_the_goblin_king, layout_rooms, serial_shops,
          nicolae_shop_temple_entry_statues_fountains, serial_bayou_pond_c,
          hangedman_decor_clover_reticule
D:3:      layout_basic, uniq_grinder
D:4:      layout_cave_pools, minmay_temple_entry_tees, serial_shops, shop
D:5:      layout_cave_pools, okawaru_altar_gauntlet_db,
          mainiacjoe_overflow_concentric_impassable, trog_wizard, uniq_menkaure,
          uniq_eustachio
Temple:   compressed_dpeg_triangle_lava_temple

Skill      XL: |  1  2  3  4  5  6  7 |
---------------+----------------------+-----
Axes           | 2 3 4 5 |  5.6
Fighting       | 4 |  4.8
Armour         | 4 5 |  5.4
Shields        | 4 |  4.3
Stealth        | |  0.1

Action                     |  1- 3 |  4- 6 |  7- 9 || total
---------------------------+-------+-------+-------++-------
  Melee: War axe           |    99 |   102 |    44 ||   245
 Armour: Scale mail        |    78 |    73 |    34 ||   185
  Dodge: Dodged            |    54 |    59 |    43 ||   156
  Block: Buckler           |    21 |    24 |    21 ||    66

Table legend: (Time is in decaauts)
 A = Elapsed time spent in this place.
 B = Non-inter-level travel time spent in this place.
 C = Inter-level travel time spent in this place.
 D = Time resting spent in this place.
 E = Time spent auto-exploring this place.
 F = Levels seen in this place.
 G = Mean time per level.
                   A        B        C        D        E       F      G
               +--------+--------+--------+--------+--------+-----+--------+
         Total |   3640 |   3633 |      7 |    633 |   2128 |   6 |  606.7 |
       Dungeon |   3332 |   3325 |      7 |    633 |   1878 |   5 |  666.4 |
        Temple |    307 |    307 |      0 |      0 |    250 |   1 |  307.0 |
               +--------+--------+--------+--------+--------+-----+--------+

Top non-repeatable levels by time:
     D:3: 1180 daAuts
     D:4: 893 daAuts
     D:2: 622 daAuts
     D:1: 588 daAuts
  Temple: 307 daAuts
     D:5: 47 daAuts
